 Dungeon Crawl Stone Soup version 0.17.0-22-g5edae84 (webtiles) character file.

14942 Dirian the Warrior (level 11, 0/114 HPs)
             Began as a Minotaur Fighter on Nov 12, 2015.
             Was a High Priest of Qazlal.
             Succumbed to a green ugly thing's poison
             ... on level 12 of the Dungeon on Nov 13, 2015.
             The game lasted 00:44:32 (13332 turns).

Dirian the Warrior (Minotaur Fighter)              Turns: 13332, Time: 00:44:33

Health: 0/114      AC: 12    Str: 23    XL:     11   Next: 95%
Magic:  11/11      EV:  6    Int:  5    God:    Qazlal [*****.]
Gold:   783        SH: 17    Dex: 11    Spells: 0 memorised, 10 levels left

rFire  + . .     SeeInvis +     H - +0 scimitar (elec)
rCold  + . .     Clarity  .     g - +0 chain mail
rNeg   . . .     SustAt   .     c - +1 shield
rPois  .         Gourm    .     (helmet restricted)
rElec  .         Spirit   .     q - +0 cloak
rCorr  .         Warding  .     y - +0 pair of gloves
rMut   .         Stasis   .     (no boots)
MR     .....                    j - amulet of faith
Stlth  ..........               x - ring of see invisible
                                p - ring of protection from fire

@: lethally poisoned (0 -> -2), repel missiles, not resistant to hostile
enchantments, extremely unstealthy
A: retaliatory headbutt, horns 2, cold resistance 1
a: Upheaval, Elemental Force, Disaster Area, Renounce Religion


You were on level 12 of the Dungeon.
You worshipped Qazlal.
Qazlal was extremely pleased with you.
You were not hungry.

You visited 2 branches of the dungeon, and saw 13 of its levels.

You collected 783 gold pieces.

Inventory:

Hand Weapons
 D - a +1 falchion of flaming
 G - a +1 scimitar
 H - a +0 scimitar of electrocution (weapon)
Armour
 c - a +1 shield (worn)
 g - a +0 chain mail (worn)
 q - a +0 cloak (worn)
 w - a +0 plate armour
 y - a +0 pair of gloves (worn)
 E - the +2 robe "Seurup" {Int+3 Slay+3, unknown}
   (You found it on level 9 of the Dungeon)

   It affects your intelligence (+3).
   It affects your accuracy and damage with ranged weapons and melee attacks
   (+3).
Jewellery
 b - an uncursed ring of sustain attributes
 f - an uncursed amulet of clarity
 j - an amulet of faith (around neck)
 p - a ring of protection from fire (left hand)
 x - a ring of see invisible (right hand)
Wands
 n - a wand of invisibility (0)
Scrolls
 h - a scroll of magic mapping
 i - 5 scrolls of enchant armour
 k - 6 scrolls of identify
 l - 5 scrolls of remove curse
 m - 5 scrolls of teleportation
 o - a scroll of fear
 r - 3 scrolls of fog
 s - 2 scrolls of blinking
 F - a scroll of enchant weapon
Potions
 a - a potion of flight
 v - 2 potions of mutation
 C - a potion of lignification
Comestibles
 d - 4 slices of pizza
 e - 7 bread rations
 u - 7 meat rations


   Skills:
 * Level 15.7 Fighting
 - Level 15.0 Long Blades
 - Level 5.2 Armour
 - Level 5.0 Shields
 + Level 1.6 Evocations


You had 10 spell levels left.
You didn't know any spells.

Dungeon Overview and Level Annotations

Branches:
Dungeon (12/15)            Temple (1/1) D:6            Lair (0/8) D:8
    Orc (0/4) D:11

Altars:
Ashenzari
Cheibriados
Dithmenos
Elyvilon
Fedhas
Gozag
Kikubaaqudgha
Makhleb
Nemelex Xobeh
Okawaru
Qazlal
Ru
Sif Muna
Trog
Vehumet
Xom
Yredelemnul
Zin
The Shining One

Shops:
D:9 (

Annotations:
D:7 Sagrath01's ghost, novice DsCK
D:8 JudasIscariot's ghost, novice TrFi


Innate Abilities, Weirdness & Mutations

You reflexively headbutt those who attack you in melee.
You have a pair of horns on your head.
Your flesh is cold resistant.


Message History

Read which item? (? for menu, Esc to quit)
Okay, then.
* * * LOW HITPOINT WARNING * * *
You feel sick.
You are feeling hungry.
* * * LOW HITPOINT WARNING * * *
You feel sick.
* * * LOW HITPOINT WARNING * * *
You feel sick.
* * * LOW HITPOINT WARNING * * *
You feel sick.
* * * LOW HITPOINT WARNING * * *
You feel sick.
Eat which item? (? for menu, Esc to quit)
* * * LOW HITPOINT WARNING * * *
You feel sick.
Yeuchh!
Anchovies.
* * * LOW HITPOINT WARNING * * *
You feel sick.
You die...

#........ #........
#........ + #........ #.
###........ #.# #####
#.)§....... ... ...#
#)#)..$....
#.###.#######.#.§...... #
...#.....'..@#........
#.###.#.###.#####........
#.......#...# ##'######
##....####### ..
#####.###### ##
#..§.......# #......§...#
#..........# +..........+


There were no monsters in sight!

Vanquished Creatures
  2 hydras
  A hill giant (D:11)
  Pikel (D:7)
  2 ugly things
  An elephant (D:8)
  2 cyclopes
  A gargoyle (D:10)
  Joseph (D:10)
  A two-headed ogre (D:11)
  2 trolls (D:10)
  Grinder (D:5)
  Prince Ribbit (D:6)
  A deep elf mage (D:10)
  Sigmund (D:5)
  A shadow (D:11)
  A wraith (D:10)
  6 yaks
  A hungry ghost (D:10)
  A mottled dragon (D:11)
  3 hippogriffs
  Menkaure (D:5)
  2 water moccasins
  A slave (D:7)
  7 orc warriors
  2 ice beasts (D:7)
  An ogre (D:5)
  3 sky beasts
  A black bear (D:8)
  4 phantoms
  A necrophage (D:6)
  A wasp (D:12)
  5 big kobolds
  A crocodile (D:8)
  4 giant frogs
  A wyvern zombie (D:6)
  3 scorpions
  13 killer bees
  10 wights
  6 hounds
  3 crimson imps
  5 giant frog zombies
  3 centaur zombies
  10 orc priests
  3 centaur skeletons
  5 jellies
  19 orc wizards
  4 quasits
  2 giant frog skeletons
  4 iguanas
  13 worker ants
  Terence (D:2)
  Natasha (thrice) (D:2)
  3 sheep
  A killer bee zombie (D:5)
  A hound skeleton (D:9)
  A worker ant zombie (D:4)
  6 gnolls
  13 adders
  3 shadow imps
  3 worms
  2 adder skeletons
  8 giant geckos
  63 orcs
  2 ball pythons
  12 giant cockroaches
  10 goblins
  7 hobgoblins
  19 kobolds
  3 quokkas
  8 bats
  A giant gecko skeleton (D:4)
  6 giant newts
  7 jackals (D:8)
  A jackal zombie (D:5)
  2 quokka zombies (D:5)
  14 rats
  2 rat zombies (D:8)
  A plant (D:9)
372 creatures vanquished.

Vanquished Creatures (others)
  2 orc wizards
  2 plants (D:9)
4 creatures vanquished.

Grand Total: 376 creatures vanquished

Notes
Turn   | Place    | Note
--------------------------------------------------------------
     0 | D:1      | Dirian the Minotaur Fighter began the quest for the Orb.
     0 | D:1      | Reached XP level 1. HP: 19/19 MP: 0/0
   260 | D:1      | Reached XP level 2. HP: 27/27 MP: 1/1
   388 | D:1      | Reached skill level 4 in Fighting
   654 | D:2      | Noticed Natasha
   656 | D:2      | Killed Natasha
   656 | D:2      | Reached XP level 3. HP: 33/33 MP: 2/2
   721 | D:2      | Noticed Natasha
   726 | D:2      | Killed Natasha
   821 | D:2      | Noticed Terence
   829 | D:2      | Killed Terence
   829 | D:2      | Reached XP level 4. HP: 39/41 MP: 3/3
  1288 | D:2      | Reached skill level 5 in Armour
  1297 | D:2      | Reached XP level 5. HP: 22/47 MP: 4/4
  1398 | D:2      | Noticed Natasha
  1401 | D:2      | Killed Natasha
  1749 | D:3      | Reached skill level 5 in Shields
  1989 | D:3      | Reached skill level 5 in Fighting
  1989 | D:3      | Reached XP level 6. HP: 42/56 MP: 5/5
  2011 | D:3      | Reached skill level 5 in Long Blades
  2875 | D:4      | Reached skill level 6 in Fighting
  2916 | D:4      | Reached XP level 7. HP: 47/63 MP: 6/6
  3629 | D:4      | Reached skill level 7 in Long Blades
  3722 | D:4      | Found a glowing golden altar of the Shining One.
  4030 | D:4      | Reached skill level 8 in Long Blades
  4339 | D:5      | Entered Level 5 of the Dungeon
  4342 | D:5      | Reached XP level 8. HP: 66/70 MP: 7/7
  4420 | D:5      | Reached skill level 9 in Long Blades
  4454 | D:5      | Noticed Menkaure
  4462 | D:5      | Killed Menkaure
  4739 | D:5      | Noticed Grinder
  4760 | D:5      | Reached skill level 10 in Long Blades
  4761 | D:5      | Paralysed by Grinder for 3 turns
  4774 | D:5      | Paralysed by Grinder for 3 turns
  4777 | D:5      | Killed Grinder
  4948 | D:5      | Noticed Sigmund
  4969 | D:5      | Killed Sigmund
  4969 | D:5      | Reached skill level 11 in Long Blades
  5203 | D:5      | Found a deep blue altar of Sif Muna.
  5400 | D:5      | Gained mutation: Your flesh is cold resistant. [potion of beneficial mutation]
  5442 | D:6      | Reached skill level 12 in Long Blades
  5442 | D:6      | Reached XP level 9. HP: 5/75 MP: 8/8
  5905 | D:6      | Found a shimmering altar of Xom.
  5907 | D:6      | Found a shimmering altar of Xom.
  5907 | D:6      | Found a shimmering altar of Xom.
  5907 | D:6      | Found a shimmering altar of Xom.
  5931 | D:6      | Found a shimmering altar of Xom.
  5931 | D:6      | Found a shimmering altar of Xom.
  6321 | D:6      | Noticed Prince Ribbit
  6331 | D:6      | Killed Prince Ribbit
  6331 | D:6      | Reached skill level 13 in Long Blades
  6341 | D:6      | Found a staircase to the Ecumenical Temple.
  6378 | Temple   | Entered the Ecumenical Temple
  6441 | Temple   | Became a worshipper of Qazlal Stormbringer
  7126 | D:7      | Noticed Pikel
  7153 | D:7      | Killed Pikel
  7153 | D:7      | Reached skill level 14 in Long Blades
  7534 | D:7      | Reached XP level 10. HP: 71/83 MP: 9/9
  7634 | D:7      | Noticed Sagrath01's ghost (novice DsCK)
  7675 | D:8      | Reached skill level 15 in Long Blades
  7722 | D:8      | Reached * piety under Qazlal
  8136 | D:8      | Noticed an elephant
  8167 | D:8      | Killed an elephant
  8518 | D:8      | Found a staircase to the Lair.
  8529 | D:8      | Reached skill level 1 in Evocations
  8698 | D:8      | Noticed JudasIscariot's ghost (novice TrFi)
  8971 | D:8      | Found a snail-covered altar of Cheibriados.
  9114 | D:8      | Reached ** piety under Qazlal
  9122 | D:8      | Found an ancient bone altar of Kikubaaqudgha.
  9573 | D:9      | Reached *** piety under Qazlal
  9657 | D:9      | Found Iraptasch's Antique Weapon Shoppe.
  9852 | D:9      | Reached skill level 10 in Fighting
  9885 | D:9      | Found an iron altar of Okawaru.
  9911 | D:9      | Found a glowing silver altar of Zin.
  9929 | D:9      | Noticed a two-headed hydra
  9948 | D:9      | Killed a one-headed hydra
 10025 | D:9      | Got a transparent robe
 10283 | D:9      | Found a radiant altar of Vehumet.
 10283 | D:9      | Found a sparkling altar of Nemelex Xobeh.
 10444 | D:10     | Entered Level 10 of the Dungeon
 10511 | D:10     | Reached XP level 11. HP: 55/104 MP: 11/11
 10753 | D:10     | Noticed Joseph
 10766 | D:10     | Killed Joseph
 10950 | D:10     | Reached **** piety under Qazlal
 12027 | D:11     | Reached ***** piety under Qazlal
 12210 | D:11     | Found a staircase to the Orcish Mines.
 12398 | D:11     | Noticed a five-headed hydra
 12410 | D:11     | Killed a one-headed hydra
 12554 | D:11     | Noticed a hill giant
 12562 | D:11     | Reached skill level 15 in Fighting
 12573 | D:11     | Killed a hill giant
 13322 | D:12     | HP: 5/114 [poisoned by a green ugly thing]
 13326 | D:12     | HP: 2/114 [poisoned by a green ugly thing]
 13331 | D:12     | HP: 1/114 [poisoned by a green ugly thing]
 13332 | D:12     | Succumbed to a green ugly thing's poison

Action                   |  1- 3 |  4- 6 |  7- 9 | 10-12 || total
-------------------------+-------+-------+-------+-------++-------
Melee: Long sword        |    48 |   172 |   409 |   246 ||   875
       Falchion          |       |       |       |   389 ||   389
       Scimitar          |       |       |       |    39 ||    39
Evoke: Wand              |       |       |     3 |     1 ||     4
  Use: Scroll            |       |     7 |     5 |     7 ||    19
       Potion            |       |     6 |     5 |     3 ||    14
 Stab: Invisible         |       |       |     6 |     7 ||    13
  Eat: Chunk             |       |     6 |    10 |    15 ||    31
       Pizza             |       |       |     2 |     3 ||     5
       Royal jelly       |       |       |     1 |       ||     1
       Beef jerky        |       |       |       |     2 ||     2
